 Dungeon Crawl Stone Soup version 0.25-a0-36-g303dd5b (webtiles) character file.

Game seed: 3228002178256551735, levelgen mode: deterministic

4610 Geeful the Protected (level 10, -3/82 HPs)
             Began as a Barachi Fighter on Oct 12, 2019.
             Was a Priest of Cheibriados.
             Blown up by Maurice (28 damage)
             ... with a disintegration bolt
             ... on level 8 of the Dungeon on Oct 20, 2019.
             The game lasted 00:24:37 (6083 turns).

Geeful the Protected (Barachi Fighter)              Turns: 6083, Time: 00:24:38

Health: -3/82      AC: 15    Str: 33    XL:     10   Next: 42%
Magic:  18/23      EV:  7    Int: 16    God:    Cheibriados [***...]
Gold:   475        SH: 19    Dex: 21    Spells: 9/9 levels left

rFire    + . .     SeeInvis .   a - +1 long sword
rCold    x . .     Gourm    .   c - +1 shield
rNeg     + + .     Faith    .   I - +3 chain mail of Space {MR+ Dex+2 Stlth+}
rPois    .         Spirit   .   (no helmet)
rElec    .         Reflect  +   (no cloak)
rCorr    .         Harm     .   k - +0 pair of gloves
MR       +....                  (no boots)
Stlth    ..........             u - +5 amulet of reflection
HPRegen  0.23/turn              A - ring "Baliyc" {Fire *Slow rN++ MP+9 Str+3}
MPRegen  0.18/turn              g - +3 ring of strength

@: very slow
A: +LOS, swims, slowness 1, strong legs 1
a: Hop, Bend Time, Temporal Distortion, Renounce Religion


You were on level 8 of the Dungeon.
You worshipped Cheibriados.
Cheibriados was most pleased with you.
You were not hungry.

You visited 1 branch of the dungeon, and saw 8 of its levels.

You collected 475 gold pieces.

Inventory:

Hand Weapons
 a - a +1 long sword (weapon)
Missiles
 m - 7 javelins (quivered)
Armour
 c - a +1 shield (worn)
 k - a +0 pair of gloves (worn)
 n - a +0 chain mail
 x - a cursed +0 large shield
 I - the +3 chain mail of Space (worn) {MR+ Dex+2 Stlth+}
   (You found it on level 7 of the Dungeon)

   It affects your dexterity (+2).
   It affects your resistance to hostile enchantments.
   It makes you more stealthy.
 J - the +0 chain mail of the Carpenter {-Cast +Inv rC++ Dex+3}
   (You found it on level 7 of the Dungeon)

   It affects your dexterity (+3).
   It greatly protects you from cold.
   It lets you turn invisible.
   It prevents spellcasting.
Jewellery
 b - a +4 ring of dexterity
 g - a +3 ring of strength (right hand)
 j - a +2 ring of protection
 r - an uncursed amulet of magic regeneration
 u - a +5 amulet of reflection (around neck)
 A - the ring "Baliyc" (left hand) {Fire *Slow rN++ MP+9 Str+3}
   (You found it on level 7 of the Dungeon)

   [ring of fire]

   It enhances your fire magic.
   It affects your strength (+3).
   It protects you from fire.
   It makes you vulnerable to cold.
   It greatly protects you from negative energy.
   It affects your magic capacity (+9).
   It may slow you when you take damage.
Wands
 d - a wand of enslavement (6)
 D - a wand of flame (39)
Scrolls
 h - 4 scrolls of teleportation
 i - 3 scrolls of enchant weapon
 s - a scroll of magic mapping
 w - 2 scrolls of amnesia
 y - 2 scrolls of remove curse
 B - a scroll of identify
Potions
 e - 2 potions of resistance {unknown}
 l - a potion of curing {unknown}
 o - 3 potions of flight
 p - a potion of cancellation {unknown}
 q - 2 potions of heal wounds
 v - a potion of agility {unknown}
 z - a potion of berserk rage {unknown}
 C - 2 potions of might
 E - 2 potions of ambrosia {unknown}
 F - a potion of haste {unknown}
 G - 2 potions of magic {unknown}
 H - a potion of invisibility {unknown}
Comestibles
 f - 20 rations
 L - 6 chunks of flesh


   Skills:
 + Level 8.8 Fighting
 + Level 8.3 Long Blades
 + Level 8.9 Armour
 + Level 8.0 Shields
 * Level 6.0 Invocations


You had 9 spell levels left.
You didn't know any spells.
Your spell library contained the following spells:

 Spells                   Type           Power        Failure   Level  Hunger
 Sting                    Conj/Pois      #...         92%         1    ##.....


Dungeon Overview and Level Annotations

Branches:
Dungeon (8/15)             Temple (0/1) D:6
   Lair: D:8-11

Altars:
Cheibriados
Dithmenos
Elyvilon
Fedhas
Hepliaklqana
Okawaru
Ru
Sif Muna
Vehumet
Yredelemnul

Shops:
D:5 *   D:8 %

Annotations:
D:8 Maurice


Innate Abilities, Weirdness & Mutations

Shadows flee at your approach. (+LOS)
You can swim through water.
You cover ground slowly.
You can hop short distances.


Message History

You closely miss something. Something completely misses you.
You miss something.
You hear a zap.
You are blasted!
You miss something.
You hear a zap.
Something tries to affect you, but you resist.
You closely miss something. Something hits you.
Something steals 2 of your 3 scrolls of magic mapping!
You hear a zap.
Something tries to affect you, but you resist.
You miss something.
You hear a zap.
Something tries to affect you, but you resist.
You slash something! Something hits you but does no damage.
You miss something. Something hits you! Something steals your silvery potion!
You miss something.
You hear a zap.
You are blasted!
You die...

.. .# .. #.# .# .# ..# ..
.### .# ##. ... .# .##...
.. .# #......####.#### #.#
##.#............
#.###.......#{...# ###.
###..#..#.......@.####.....
................<..........
.......##.....###......###
.##..........###..##.#.....
'##........#..##.###.# ###.
∩'...# #........##..#
'#...# ##.....##....# .>
...#####..#.#.###..###...
#(## #......#.##........#


There were no monsters in sight!

Vanquished Creatures
  A deep elf mage (D:7)
  A gargoyle (D:7)
  A hornet (D:7)
  Prince Ribbit (D:7)
  2 slime creatures (D:7)
  Sigmund (D:2)
  A spriggan (D:7)
  A yak (D:7)
  2 hungry ghosts (D:7)
  Duvessa (D:5)
  3 ice beasts
  2 sky beasts (D:6)
  A centaur (D:8)
  A big kobold (D:7)
  5 bullfrogs
  Dowan (D:5)
  A water moccasin zombie (D:6)
  5 howler monkeys (D:7)
  3 crimson imps
  A quasit (D:5)
  3 orc priests
  3 hounds
  A bullfrog zombie (D:6)
  A jelly (D:4)
  A bullfrog skeleton (D:7)
  7 orc wizards
  9 worker ants
  A statue (D:6)
  A hound skeleton (D:7)
  A mummy (D:5)
  A worker ant zombie (D:5)
  5 gnolls
  7 adders
  A howler monkey skeleton (D:7)
  2 shadow imps
  2 oozes
  2 adder skeletons
  An adder zombie (D:6)
  A worm (D:3)
  5 dart slugs
  5 leopard geckos
  28 orcs
  9 bats
  6 giant cockroaches
  4 goblins
  14 hobgoblins
  9 jackals
  15 kobolds
  3 quokkas
  7 frilled lizards
  A jackal zombie (D:6)
  A leopard gecko skeleton (D:4)
  A quokka zombie (D:7)
  9 rats
202 creatures vanquished.

Notes
Turn   | Place    | Note
-------+----------+-------------------------------------------
     0 | D:1      | Geeful the Barachi Fighter began the quest for the Orb.
     0 | D:1      | Reached XP level 1. HP: 18/18 MP: 1/1
   225 | D:1      | Reached XP level 2. HP: 25/25 MP: 2/2
   387 | D:1      | Reached XP level 3. HP: 15/30 MP: 3/3
   640 | D:1      | You fall into a shaft and drop 1 floor!
   772 | D:2      | Noticed Sigmund
  1209 | D:2      | Reached XP level 4. HP: 37/37 MP: 4/4
  1260 | D:2      | Found a sacrificial altar of Ru.
  1466 | D:2      | Killed Sigmund
  1466 | D:2      | Reached skill level 5 in Fighting
  1466 | D:2      | Reached skill level 5 in Armour
  1466 | D:2      | Reached XP level 5. HP: 26/44 MP: 5/5
  1466 | D:2      | Reached XP level 6. HP: 30/51 MP: 6/6
  2524 | D:3      | Reached skill level 5 in Shields
  2559 | D:3      | Reached XP level 7. HP: 51/56 MP: 7/7
  2863 | D:4      | Found a basalt altar of Yredelemnul.
  2945 | D:4      | Reached skill level 5 in Long Blades
  2965 | D:4      | Found a blossoming altar of Fedhas.
  3305 | D:4      | Found an iron altar of Okawaru.
  3452 | D:5      | Entered Level 5 of the Dungeon
  3500 | D:5      | Found a shimmering blue altar of Sif Muna.
  3530 | D:5      | Identified Sif Muna's Papyrus of Venom
  3585 | D:5      | Found Kistryada's General Store.
  3648 | D:5      | Noticed Dowan
  3649 | D:5      | Noticed Duvessa
  3669 | D:5      | Killed Duvessa
  3669 | D:5      | Reached XP level 8. HP: 65/65 MP: 8/8
  3673 | D:5      | Killed Dowan
  3765 | D:5      | Found a shadowy altar of Dithmenos.
  3794 | D:5      | Found a white marble altar of Elyvilon.
  3958 | D:5      | Found a snail-covered altar of Cheibriados.
  3978 | D:5      | Became a worshipper of Cheibriados the Contemplative
  4098 | D:6      | Found a staircase to the Ecumenical Temple.
  4102 | D:6      | Reached skill level 1 in Invocations
  4122 | D:6      | Reached * piety under Cheibriados
  4437 | D:6      | Reached XP level 9. HP: 66/72 MP: 9/11
  4453 | D:6      | Found a radiant altar of Vehumet.
  4544 | D:6      | Upgraded the game from 0.24-b1 to 0.25-a0-36-g303dd5b
  4941 | D:7      | Reached ** piety under Cheibriados
  5289 | D:7      | Noticed a gargoyle
  5289 | D:7      | Noticed a deep elf mage
  5337 | D:7      | Killed a gargoyle
  5338 | D:7      | Killed a deep elf mage
  5338 | D:7      | Reached skill level 5 in Invocations
  5338 | D:7      | Reached XP level 10. HP: 42/81 MP: 13/13
  5381 | D:7      | Paralysed by a hornet for 3 turns
  5386 | D:7      | Paralysed by a hornet for 1 turns
  5483 | D:7      | Reached *** piety under Cheibriados
  5662 | D:7      | Got a crude bone ring
  5669 | D:7      | Got a twisted chain mail
  5673 | D:7      | Got a distressingly furry chain mail
  5689 | D:7      | Identified the +3 chain mail of Space {MR+ Dex+2 Stlth+}
                  | (You found it on level 7 of the Dungeon)
  5699 | D:7      | Identified the cursed +0 chain mail of the Carpenter {-Cast
                  | +Inv rC++ Dex+3} (You found it on level 7 of the Dungeon)
  5792 | D:7      | Found a hazy altar of Hepliaklqana.
  5866 | D:8      | Noticed Prince Ribbit
  5882 | D:7      | Killed Prince Ribbit
  5988 | D:8      | Found Wuseysh's Food Boutique.
  6057 | D:8      | Noticed Maurice
  6062 | D:7      | Identified the ring "Baliyc" {Fire *Slow rN++ MP+9 Str+3}
                  | (You found it on level 7 of the Dungeon)
  6083 | D:8      | Blown up by Maurice

Levels and vault maps discovered:
D:1:      psy_arrival_whirlpool, layout_basic
D:2:      layout_basic, hangedman_ru_absence, minmay_tetromino_l2, uniq_sigmund
D:3:      layout_basic, serial_park_tiny_2
D:4:      layout_basic, marbit_many_paths, lemuel_round_altar, fedhas_altar_3
D:5:      layout_rooms, nicolae_dithmenos_through_a_glass_darkly, slow_altar_2,
          led_sif_book, kennysheep_mini_moat, first_ration, serial_shops, shop,
          uniq_duvessa
D:6:      layout_rooms, vehumet_statue, minmay_temple_entry_glass
D:7:      minmay_the_grid_triangle_9x9_recursive_2
          [minmay_the_grid_triangle_9x9_prize_center,
          minmay_the_grid_triangle_9x9_zippers_horizontal,
          minmay_the_grid_triangle_9x9_longest,
          minmay_the_grid_triangle_9x9_semitri], layout_cave_pools,
          lemuel_coloured_pillars_altar, grunt_ministairs_1, the_bakery
D:8:      layout_rooms, serial_shops, nicolae_shop_behind_doors,
          uniq_prince_ribbit1, uniq_erica, uniq_maurice

Skill      XL: |  1  2  3  4  5  6  7  8  9 10 |
---------------+-------------------------------+-----
Fighting       | 4 5 6 7 8 |  8.8
Armour         | 4 5 6 7 8 |  8.9
Long Blades    | 3 4 5 6 7 8 |  8.3
Shields        | 4 5 6 7 8 |  8.0
Invocations    | 2 5 6 |  6.0

Action                   |  1- 3 |  4- 6 |  7- 9 | 10-12 || total
-------------------------+-------+-------+-------+-------++-------
Melee: Long sword        |   127 |   203 |   448 |   122 ||   900
Evoke: Wand              |       |       |     3 |     1 ||     4
  Use: Scroll            |     5 |     4 |     2 |     1 ||    12
       Potion            |       |     1 |       |     4 ||     5
  Eat: Chunk             |     1 |     6 |    12 |     4 ||    23
       Ration            |       |       |       |     1 ||     1
Armor: Scale mail        |    63 |       |       |       ||    63
       Chain mail        |    13 |    94 |   159 |    29 ||   295
Dodge: Dodged            |    29 |    35 |    70 |    13 ||   147
Block: Shield            |    66 |   121 |   414 |    97 ||   698
       Reflection        |       |     2 |    17 |     3 ||    22
       Rpst.: Long sword |    14 |    13 |    14 |     5 ||    46

Table legend:
 A = Non-vault XP
 B = Vault XP
 C = Vault XP percentage of total XP
 D = Non-vault monster count
 E = Vault monster count
 F = Vault count percentage of total count
                 A         B        C        D         E       F
            +---------+---------+-------+---------+---------+-------
      Total |    3250 |    3337 |  50.7 |     178 |      24 |  11.9
            +---------+---------+-------+---------+---------+-------
        D:1 |      53 |       0 |   0.0 |      22 |       0 |   0.0
        D:2 |     107 |     230 |  68.2 |      30 |       3 |   9.1
        D:3 |     278 |       0 |   0.0 |      42 |       0 |   0.0
        D:4 |     152 |       3 |   1.9 |      12 |       1 |   7.7
        D:5 |     439 |     267 |  37.8 |      10 |       5 |  33.3
        D:6 |    1200 |      32 |   2.6 |      32 |       1 |   3.0
        D:7 |     811 |    2805 |  77.6 |      24 |      14 |  36.8
        D:8 |     210 |       0 |   0.0 |       6 |       0 |   0.0
            +---------+---------+-------+---------+---------+-------
